 Dungeon Crawl Stone Soup version 0.19-a0-1714-gcab94ab (webtiles) character file.

11 Vasilisck the Sneak (level 2, -2/19 HPs)
             Began as an Octopode Assassin on Sept 28, 2016.
             Slain by a leopard gecko (4 damage)
             ... on level 1 of the Dungeon.
             The game lasted 00:01:07 (494 turns).

Vasilisck the Sneak (Octopode Assassin)              Turns: 494, Time: 00:01:08

Health: -2/19      AC:  2    Str: 10    XL:     2   Next: 25%
Magic:  2/2        EV: 13    Int: 15    God:
Gold:   28         SH:  0    Dex: 13    Spells: 0 memorised, 1 level left

rFire  . . .     SeeInvis .       - Unarmed
rCold  . . .     Gourm    .     (no shield)
rNeg   . . .     Faith    .     (helmet restricted)
rPois  .         Spirit   .     (no amulet)
rElec  .         Dismiss  .     i - +2 ring of intelligence
rCorr  .         Reflect  .     (no ring)
MR     .....     Harm     .     (no ring)
Stlth  ++++......               (no ring)
                                (no ring)
                                (no ring)
                                (no ring)
                                (no ring)

@: no status effects
A: almost no armour, stealthy swim, amphibious, 8 rings, constrict 8, camouflage
1, gelatinous body 1
a: no special abilities


You were on level 1 of the Dungeon.
You were not hungry.

You visited 1 branch of the dungeon, and saw 1 of its levels.

You collected 28 gold pieces.

Inventory:

Hand Weapons
 a - a +2 dagger
 b - a +0 blowgun
Missiles
 c - 21 poisoned needles
 d - 2 curare-tipped needles
Jewellery
 i - a +2 ring of intelligence (left tentacle)
Scrolls
 e - a scroll of fear {unknown}
Potions
 h - a potion of might {unknown}
 j - a potion of degeneration {unknown}
Comestibles
 f - a bread ration
 g - a beef jerky


   Skills:
 + Level 2.1 Fighting
 - Level 2.0 Short Blades
 - Level 2.0 Throwing
 + Level 1.3 Dodging
 + Level 5.5 Stealth
 + Level 1.0 Unarmed Combat


You had one spell level left.
You didn't know any spells.

Dungeon Overview and Level Annotations

Branches:
Dungeon (1/15)

Altars:


Innate Abilities, Weirdness & Mutations

You cannot wear most types of armour.
You are very stealthy in the water.
You are amphibious.
You can wear up to eight rings at the same time.
You can use your tentacles to constrict eight enemies at once.
Your skin changes colour to match your surroundings (Stealth+).
Your rubbery body absorbs attacks. (AC +1, EV +1)


Message History

The ooze is moderately wounded.
The ooze hits you. The leopard gecko barely misses you.
You tentacle-slap the ooze.
The ooze is heavily wounded.
The leopard gecko bites you. The ooze hits you.
* * * LOW HITPOINT WARNING * * *
You are too injured to fight recklessly!
You are too injured to fight recklessly!
You are too injured to fight recklessly!
You are too injured to fight recklessly!
You closely miss the leopard gecko. Your grab misses the leopard gecko.
The leopard gecko closely misses you.
You tentacle-slap the leopard gecko. Your grab misses the leopard gecko.
The leopard gecko is lightly wounded.
The leopard gecko bites you.
* * * LOW HITPOINT WARNING * * *
You barely miss the leopard gecko. Your grab misses the leopard gecko.
The leopard gecko is lightly wounded.
The leopard gecko bites you.
You die...

#.......# #.# #..#####.
#.#.###.# #.# #...#
#.#.###############.#.#
#...#.#.#.#.#.#.#.#...#
####......)........####
#..........#......#
##.......#.......##
#......#....#.....#
##...#Jl@........##
#..#...#.#.#.#....#
##...............##
#...#..#.<.#..#...#
##...............##
#....#.#.#.#...#..
##...........#...#
######.....#....#......
#....##.......#.......#


You could see an ooze and a leopard gecko.

Vanquished Creatures
  A dart slug (D:1)
  A giant cockroach (D:1)
  A goblin (D:1)
  2 hobgoblins (D:1)
  A jackal (D:1)
  2 rats (D:1)
8 creatures vanquished.

Notes
Turn   | Place    | Note
-------+----------+-------------------------------------------
     0 | D:1      | Vasilisck the Octopode Assassin began the quest for the Orb.
     0 | D:1      | Reached XP level 1. HP: 14/14 MP: 1/1
   381 | D:1      | Reached skill level 1 in Unarmed Combat
   381 | D:1      | Reached XP level 2. HP: 15/19 MP: 2/2
   494 | D:1      | Slain by a leopard gecko

Vault maps used:
D:1:      co_arrival_square_in_a_square_in_a_square

Skill      XL: |  1 |
---------------+----+-----
Unarmed Combat | 1 |  1.0
Fighting       | |  2.1
Short Blades   | |  2.0
Throwing       | |  2.0
Dodging        | |  1.3
Stealth        | |  5.5

Action                   || total
-------------------------++-------
Melee: Unarmed           ||    35
       Constrict         ||     5
       Tentacles         ||     5
 Stab: Sleeping          ||     4
Armor: Skin              ||     1
Dodge: Dodged            ||    20
